 Dungeon Crawl Stone Soup version 0.28.0 (webtiles) character file.

Game seed: 12194314229134530680

541 blackman the Slasher (level 7, -3/52 HPs)
             Began as a Human Monk on Feb 5, 2022.
             Was a Priest of Ignis.
             Killed by divine providence
             ... invoked by an orc priest
              (12 damage)
             ... on level 4 of the Dungeon.
             The game lasted 00:18:06 (3520 turns).

blackman the Slasher (Human Monk)                   Turns: 3520, Time: 00:18:06

Health: -3/52      AC: 20    Str: 14    XL:     7   Next: 51%
Magic:  7/7        EV:  4    Int: 10    God:    Ignis [***...]
Gold:   171        SH:  0    Dex: 15    Spells: 6/6 levels left

rFire   + . .      SeeInvis .   r - +2 flail (holy)
rCold   . . .      Faith    .   (no shield)
rNeg    . . .      Spirit   .   m - +0 plate armour
rPois   .          Reflect  .   (no helmet)
rElec   .          Harm     .   (no cloak)
rCorr   .          Rampage  .   h - +1 pair of gloves
Will    .....                   f - +0 pair of boots
Stlth   ..........              (no amulet)
HPRegen 0.17/turn               (no ring)
MPRegen 0.10/turn               (no ring)

@: fiery-armoured
A: no striking features
a: Renounce Religion, Fiery Armour, Foxfire Swarm, Rising Flame


You were on level 4 of the Dungeon.
You worshipped Ignis.
Ignis was most pleased with you.
You visited 1 branch of the dungeon, and saw 4 of its levels.

You collected 171 gold pieces.

Inventory:

Hand Weapons
 a - a +0 falchion
 r - a +2 flail of holy wrath (weapon)
 s - a +0 war axe
 v - a +0 fustibalus
Missiles
 p - 6 poisoned darts (quivered)
 w - 18 sling bullets
Armour
 b - a +0 robe
 f - a +0 pair of boots (worn)
 h - a +1 pair of gloves (worn)
 m - a +0 plate armour (worn)
Scrolls
 g - a scroll of noise
 j - 4 scrolls of enchant armour {unknown}
 q - a scroll of immolation {unknown}
 t - 2 scrolls of identify {unknown}
 u - a scroll of teleportation {unknown}
 x - a scroll of brand weapon {unknown}
 y - a scroll of vulnerability {unknown}
Potions
 c - a potion of lignification {unknown}
 d - 2 potions of magic {unknown}
 e - a potion of flight {unknown}
 i - a potion of heal wounds {unknown}
 k - a potion of haste {unknown}
 l - a potion of might {unknown}
 n - a potion of ambrosia {unknown}
 o - a potion of cancellation {unknown}


   Skills:
 - Level 3.0 Fighting
 - Level 7.5 Long Blades
 * Level 2.6 Axes
 - Level 3.0 Dodging
 - Level 2.0 Stealth


You had 6 spell levels left.
You didn't know any spells.
Your spell library contained the following spells:

 Spells                   Type           Power      Damage    Failure   Level
 Gell's Gravitas          Tloc           0%         N/A       100%        3
 Lesser Beckoning         Tloc           0%         N/A       100%        3
 Teleport Other           Tloc           0%         N/A       100%        3


Dungeon Overview and Level Annotations

Branches:
Dungeon (4/15)             Temple (0/1) D:4

Altars:
Makhleb
Ru
Ignis


Message History

The adder is moderately wounded.
The adder bites you.
You are poisoned.
The adder poisons you!
The adder is burned by your cloak of flames.
The adder is almost dead.
The adder barely misses you.
You hit the adder.
You kill the adder!
You feel sick.
The orc priest hits you with a +0 flail.
* * * LOW HITPOINT WARNING * * *
The orc priest is burned by your cloak of flames.
The orc priest is lightly wounded.
You closely miss the orc priest.
The orc priest is lightly wounded.
You feel sick.
The orc priest hits you with a +0 flail.
* * * LOW HITPOINT WARNING * * *
The orc priest is burned by your cloak of flames.
The orc priest is moderately wounded.
You hit the orc priest.
The orc priest is severely wounded.
You feel sick.
The orc priest hits you but does no damage.
You hit the orc priest.
The orc priest is almost dead.
You feel sick.
The orc priest calls down the wrath of Beogh upon you.
You struggle to resist.
You closely miss the orc priest.
The orc priest is almost dead.
You feel sick.
You are no longer poisoned.
The orc priest hits you but does no damage.
The orc priest is burned by your cloak of flames.
The orc priest is almost dead.
The orc priest invokes the aid of Beogh against you.
Beogh smites you!
You die...

#.#.........# ##
####.##.#.# .###.#
#.##.#.#
....#####.##.# #
#........##.#
#####...........#
.....##...##.###
#.#..##...##.##
#@##............
#o#.....>....###
#.######.#..........#
....So......##[..##.#
.#####.###..##...##.#
#. #..........# #.
#.........## #.
#.######### #. #.#


You could see an orc priest.

Vanquished Creatures
  An ice beast (D:3)
  A phantom (D:4)
  A scorpion (D:3)
  An orc priest (D:3)
  3 iron imps (D:3)
  2 orc wizards
  4 gnolls (D:2)
  3 adders
  A white imp (D:4)
  A worm (D:2)
  3 dart slugs
  8 orcs
  6 ball pythons
  2 giant cockroaches
  4 goblins
  9 hobgoblins
  2 jackals (D:1)
  3 quokkas
  A bat (D:3)
  6 frilled lizards
  6 kobolds
  2 rats
70 creatures vanquished.

Vanquished Creatures (others)
  42 foxfires (D:3)
42 creatures vanquished.

Grand Total: 112 creatures vanquished

Notes
Turn   | Place    | Note
-------+----------+-------------------------------------------
     0 | D:1      | blackman the Human Monk began the quest for the Orb.
     0 | D:1      | Reached XP level 1. HP: 18/18 MP: 1/1
   123 | D:1      | Reached XP level 2. HP: 20/24 MP: 2/2
   267 | D:1      | Found a faded altar of an unknown god.
   290 | D:1      | Prayed at the altar of an unknown god.
   290 | D:1      | Became a worshipper of Ignis, the Dying Flame
   290 | D:1      | Reached ****** piety under Ignis
   461 | D:1      | Reached skill level 4 in Long Blades
   461 | D:1      | Reached XP level 3. HP: 3/29 MP: 3/3
  1691 | D:2      | Reached XP level 4. HP: 35/35 MP: 4/4
  1838 | D:2      | Reached skill level 5 in Long Blades
  1843 | D:2      | Reached XP level 5. HP: 6/41 MP: 5/5
  2381 | D:3      | Noticed an ice beast
  2387 | D:3      | Killed an ice beast
  2388 | D:3      | Reached skill level 6 in Long Blades
  2388 | D:3      | Reached XP level 6. HP: 47/47 MP: 6/6
  2589 | D:3      | Found a sacrificial altar of Ru.
  2618 | D:3      | Reached skill level 7 in Long Blades
  3002 | D:3      | Found a burning altar of Makhleb.
  3025 | D:3      | Reached XP level 7. HP: 32/52 MP: 7/7
  3489 | D:4      | Found a staircase to the Ecumenical Temple.
  3520 | D:4      | Killed from afar by an orc priest

Illustrated notes

Levels and vault maps discovered:
D:1:      minmay_arrival_pointy, layout_basic,
          ebering_ecumenical_altar_sacrificial
D:2:      layout_loops_ring, minmay_misc_feat_enclosed,
          chequers_serial_rivers_micro_e, wander_ebering_terrifying_dragon_lair
D:3:      layout_rooms, lemuel_tele_altar, demons_altar,
          minmay_misc_feat_diagonals
D:4:      layout_loops_ring, zin_angel, minmay_temple_entry_stoned_glass,
          minivault_25, roderic_serpentine_path, amcnicky_mini_pool_small,
          nrook_mini_vaults, minmay_misc_feat_square, nicolae_shop_clearance

Skill      XL: |  1  2  3  4  5  6  7 |
---------------+----------------------+-----
Long Blades    | 4 5 6 7 |  7.5
Axes           | 2 |  2.6
Fighting       | |  3.0
Dodging        | |  3.0
Stealth        | |  2.0

Action                   |  1- 3 |  4- 6 |  7- 9 || total
-------------------------+-------+-------+-------++-------
Melee: Falchion          |    80 |    89 |       ||   169
       Punch             |       |     2 |     1 ||     3
       Flail             |       |    12 |    40 ||    52
Throw: Dart              |       |     2 |       ||     2
Invok: Fiery Armour      |     1 |     2 |     1 ||     4
       Foxfire Swarm     |       |     2 |       ||     2
  Use: Scroll            |       |     1 |       ||     1
 Stab: Sleeping          |     3 |       |       ||     3
Armor: Robe              |    12 |       |       ||    12
       Plate armour      |     4 |    70 |    42 ||   116
Dodge: Dodged            |    60 |    17 |    11 ||    88
